 Dungeon Crawl Stone Soup version 0.30-a0-29-g142975f185 (webtiles) character file.

Game seed: 16679688732839557662

2866 Ijustatesigmund the Digger (level 9, -4/51 HPs)
             Began as a Gargoyle Earth Elementalist on Aug 26, 2022.
             Slain by a killer bee (7 damage)
             ... on level 7 of the Dungeon.
             The game lasted 00:22:59 (9645 turns).

Ijustatesigmund the Digger (GrEE)                   Turns: 9645, Time: 00:23:00

Health: -4/51      AC: 11    Str: 12    XL:     9   Next: 75%
Magic:  0/18       EV: 11    Int: 20    God:
Gold:   31         SH:  4    Dex: 10    Spells: 10/20 levels left

rFire   . . .      SeeInvis +    e - +0 morningstar
rCold   . . .      Faith    .    n - +0 buckler
rNeg    + . .      Spirit   .    a - +0 robe
rPois   ∞          Reflect  .    (no helmet)
rElec   +          Harm     .    p - +0 cloak
rCorr   .          Rampage  .    c - +0 pair of gloves
Will    .....                    o - +0 pair of boots {Fly}
Stlth   ++........               (no amulet)
HPRegen 0.17/turn                k - ring of see invisible
MPRegen 0.16/turn                (no ring)

@: attractive, flying
A: sickness immunity, AC +6, negative energy resistance 1, electricity
resistance, torment resistance 1, petrification resistance
a: no special abilities


You were on level 7 of the Dungeon.
You visited 2 branches of the dungeon, and saw 8 of its levels.

You collected 319 gold pieces.
You spent 288 gold pieces at shops.

Inventory:

Hand Weapons
 e - a +0 morningstar (weapon)
Missiles
 t - a throwing net
Armour
 a - a +0 robe (worn)
 c - a +0 pair of gloves (worn)
 n - a +0 buckler (worn)
 o - a +0 pair of boots of flying (worn)
 p - a +0 cloak (worn)
Magical Staves
 s - a staff of conjuration
Jewellery
 d - an amulet of faith
 k - a ring of see invisible (left hand)
Wands
 i - a wand of flame (18)
 r - a wand of polymorph (19)
Scrolls
 f - 2 scrolls of amnesia
 h - a scroll of vulnerability
 l - a scroll of teleportation
 m - 3 scrolls of fear
 q - 2 scrolls of fog
Potions
 g - a potion of might
 j - a potion of attraction


   Skills:
 - Level 3.4 Fighting
 - Level 3.1 Maces & Flails
 - Level 1.5 Dodging
 - Level 2.1 Stealth
 + Level 2.7 Shields
 - Level 6.2 Spellcasting
 + Level 7.4 Conjurations
 - Level 3.4 Transmutations
 + Level 7.8 Earth Magic


You had 10 spell levels left.
You knew the following spells:

 Your Spells              Type           Power      Damage    Failure   Level
a - Sandblast             Erth           74%        2d16      1%          1
b - Stone Arrow           Conj/Erth      72%        3d11      1%          3
c - Passwall              Tmut/Erth      23%        N/A       1%          2
d - Petrify               Tmut/Erth      28%        N/A       13%         4

Your spell library contained the following spells:

 Spells                   Type           Power      Damage    Failure   Level


Dungeon Overview and Level Annotations

Branches:
Dungeon (7/15)             Temple (1/1) D:4

Altars:
Ashenzari
Cheibriados
Dithmenos
Elyvilon
Fedhas
Hepliaklqana
Kikubaaqudgha
Makhleb
Nemelex Xobeh
Okawaru
Qazlal
Ru
Sif Muna
Trog
Uskayaw
Vehumet
Wu Jian
Yredelemnul
Zin
The Shining One

Shops:
D:1 [


Innate Abilities, Weirdness & Mutations

You are immune to sickness and miasma.
Your stone body is resilient. (AC +6)
You are immune to poison.
You resist negative energy. (rN+)
You are resistant to electric shocks. (rElec)
You are resistant to unholy torment.
You are immune to petrification.


Message History

You are very lightly contaminated with residual magic.
Nothing appears to happen.
The killer bee stings you! You block the killer bee's attack.
You closely miss the killer bee. The killer bee barely misses you.
The killer bee stings you.
The killer bee stings you but does no damage.
You barely miss the killer bee. The killer bee stings you. x2
* * * LOW HITPOINT WARNING * * *
The killer bee stings you but does no damage.
Casting: Stone Arrow (safe; 1% risk of failure)
Confirm with . or Enter, or press ? or * to list all spells.
Aiming: Stone Arrow (safe; 1% risk of failure)
Press: ? - help, Shift-Dir - straight line, f/p - killer bee
Aim: a killer bee (48% to hit)
The stone arrow hits the killer bee!
The killer bee is almost dead.
The killer bee closely misses you.
The killer bee stings you but does no damage.
Casting: Stone Arrow (safe; 1% risk of failure)
Confirm with . or Enter, or press ? or * to list all spells.
Aiming: Sandblast (safe; 1% risk of failure)
Press: ? - help, Shift-Dir - straight line, f/p - killer bee
Aim: a killer bee (almost dead, 67% to hit)
The blast of sand misses the killer bee.
The killer bee stings you.
* * * LOW HITPOINT WARNING * * *
The killer bee completely misses you. The killer bee stings you.
* * * LOW HITPOINT WARNING * * *
It was a potion of attraction.
You feel attractive to monsters.
The killer bee stings you but does no damage.
The killer bee stings you.
* * * LOW HITPOINT WARNING * * *
Your magical contamination has completely faded away.
Aiming: Throw Flame
Press: ? - help, Shift-Dir - straight line, f/p - killer bee
Aim: a killer bee (almost dead, 39% to hit)
The puff of flame misses the killer bee.
The killer bee closely misses you. The killer bee stings you!
You die...

##.#.#####.#.#.#.#
.............#....
......##.#)###.##
#.##.##.#.###.#
#.......#.....#
####.####.#####
######.# #.#
#<..)†.# #y#
###.###### #@#
#.....# #.#
#....<# #.#
#.....# ..#
#.....# #.##
#.....# #. #######
#. #. #.


You could see a killer bee.

Vanquished Creatures
  Pikel (D:5)
  2 steam dragons
  Menkaure (D:6)
  An orc warrior (D:7)
  3 black bears
  An ice beast (D:5)
  2 ogres
  A centaur (D:6)
  A lemure (D:5)
  A phantom (D:5)
  2 kobold brigands
  A bullfrog (D:7)
  A necrophage (D:6)
  3 scorpions
  4 wights (D:6)
  A killer bee (D:7)
  2 hounds
  Crazy Yiuf (D:3)
  A gnoll bouda (D:6)
  Terence (D:2)
  3 orc wizards (D:3)
  7 adders
  13 gnolls
  2 white imps
  3 ufetubi
  A worm (D:5)
  3 dart slugs
  18 orcs
  7 bats
  6 endoplasms
  4 giant cockroaches (D:2)
  5 goblins
  5 hobgoblins
  4 jackals (D:1)
  A quokka (D:3)
  7 ball pythons
  4 frilled lizards
  19 kobolds
  3 rats
146 creatures vanquished.

Vanquished Creatures (others)
  An orc (D:3)
  A kobold (D:3)
2 creatures vanquished.

Grand Total: 148 creatures vanquished

Notes
Turn   | Place    | Note
-------+----------+-------------------------------------------
     0 | D:1      | Ijustatesigmund the Gargoyle Earth Elementalist began the
                  | quest for the Orb.
     0 | D:1      | Reached XP level 1. HP: 10/10 MP: 3/3
    16 | D:1      | Found Uhih's Antique Armour Emporium.
   352 | D:1      | Reached XP level 2. HP: 15/15 MP: 3/5
  1415 | D:2      | Found a radiant altar of Vehumet.
  1456 | D:2      | Reached XP level 3. HP: 19/19 MP: 3/6
  1460 | D:2      | Learned a level 3 spell: Stone Arrow
  1463 | D:2      | Learned a level 2 spell: Passwall
  1493 | D:2      | You fall into a shaft and drop 2 floors!
  1703 | D:3      | Reached skill level 1 in Conjurations
  1703 | D:3      | Reached skill level 1 in Transmutations
  1706 | D:3      | Reached XP level 4. HP: 24/24 MP: 0/8
  1835 | D:3      | Noticed a steam dragon
  2235 | D:2      | Noticed Terence
  2823 | D:4      | Found a staircase to the Ecumenical Temple.
  2845 | D:4      | Noticed a scorpion
  2862 | Temple   | Entered the Ecumenical Temple
  2864 | Temple   | Killed a scorpion
  2865 | Temple   | Reached XP level 5. HP: 26/28 MP: 2/10
  3256 | D:4      | Noticed a black bear
  3263 | D:4      | Killed a black bear
  3264 | D:4      | Reached skill level 1 in Fighting
  3264 | D:4      | Reached XP level 6. HP: 25/34 MP: 2/11
  3468 | D:4      | Reached skill level 1 in Maces & Flails
  4013 | D:5      | Entered Level 5 of the Dungeon
  4477 | D:3      | Killed a steam dragon
  4478 | D:3      | Reached XP level 7. HP: 10/40 MP: 2/13
  4958 | D:1      | Bought a pair of embroidered boots for 180 gold pieces
  5278 | D:2      | Killed Terence
  6258 | D:3      | Found a runed translucent door.
  6259 | D:3      | Noticed Crazy Yiuf
  6264 | D:3      | Killed Crazy Yiuf
  6585 | D:5      | Reached XP level 8. HP: 46/46 MP: 7/14
  6930 | D:5      | Learned a level 4 spell: Petrify
  7321 | D:6      | Noticed Menkaure
  7325 | D:6      | Killed Menkaure
  7377 | D:6      | Reached skill level 5 in Spellcasting
  7377 | D:6      | Reached skill level 5 in Conjurations
  7377 | D:6      | Reached skill level 5 in Earth Magic
  8295 | D:6      | Reached XP level 9. HP: 37/51 MP: 8/17
  8328 | D:6      | Noticed Pikel
  8349 | D:5      | Killed Pikel
  8810 | D:1      | Bought a buckler for 108 gold pieces
  9243 | D:6      | Reached skill level 1 in Shields
  9645 | D:7      | Slain by a killer bee

Illustrated notes

Levels and vault maps discovered:
D:1:      pf_arrival_petrified_forest, layout_loops_corners, serial_shops,
          nicolae_lakefront_shop
D:2:      wander_river, layout_basic, basic_altar, uniq_terence
D:3:      minmay_diamond_boxcup, layout_loops_ring, uniq_crazy_yiuf_cottage
D:4:      layout_cave_pools, minmay_temple_entry_junction, minmay_door_square
D:5:      layout_basic
D:6:      layout_cave_pools, minmay_misc_feat_rugged, uniq_menkaure, uniq_pikel
D:7:      layout_loops_cross, gammafunk_temple_overflow_elements
Temple:   nicolae_temple_bog_church

Skill      XL: |  1  2  3  4  5  6  7  8  9 |
---------------+----------------------------+-----
Earth Magic    | 4 6 7 |  7.8
Conjurations   | 1 2 3 4 6 7 |  7.4
Transmutations | 1 2 3 |  3.4
Spellcasting   | 3 4 5 6 |  6.2
Fighting       | 1 2 3 |  3.4
Maces & Flails | 2 3 |  3.1
Shields        | 2 |  2.7
Dodging        | |  1.5
Stealth        | |  2.1

Action                   |  1- 3 |  4- 6 |  7- 9 || total
-------------------------+-------+-------+-------++-------
Melee: Hand axe          |    11 |       |       ||    11
       Flail             |       |    11 |       ||    11
       Morningstar       |       |       |    70 ||    70
       Punch             |       |       |     3 ||     3
       Staff             |       |       |    24 ||    24
 Cast: Sandblast         |    31 |    55 |    55 ||   141
       Stone Arrow       |       |    14 |    69 ||    83
       Passwall          |       |       |     2 ||     2
Evoke: Wand              |       |       |     7 ||     7
  Use: Potion            |       |     4 |     6 ||    10
       Scroll            |       |     2 |     8 ||    10
 Stab: Sleeping          |       |       |     1 ||     1
Armor: Robe              |    12 |    17 |    72 ||   101
Dodge: Dodged            |    20 |    23 |    79 ||   122
Block: Buckler           |       |       |     6 ||     6

Table legend: (Time is in decaauts)
 A = Elapsed time spent in this place.
 B = Non-inter-level travel time spent in this place.
 C = Inter-level travel time spent in this place.
 D = Time resting spent in this place.
 E = Time spent auto-exploring this place.
 F = Levels seen in this place.
 G = Mean time per level.
                   A        B        C        D        E       F      G
               +--------+--------+--------+--------+--------+-----+--------+
         Total |   9723 |   8979 |    744 |   3673 |   4067 |   8 | 1215.4 |
       Dungeon |   9476 |   8748 |    728 |   3608 |   3920 |   7 | 1353.7 |
        Temple |    247 |    231 |     16 |     65 |    146 |   1 |  247.0 |
               +--------+--------+--------+--------+--------+-----+--------+

Top non-repeatable levels by time:
     D:1: 2026 daAuts
     D:4: 1606 daAuts
     D:5: 1540 daAuts
     D:6: 1536 daAuts
     D:3: 1444 daAuts
     D:2: 1103 daAuts
  Temple: 247 daAuts
     D:7: 218 daAuts
